 Dungeon Crawl Stone Soup version 0.27-a0-416-gca2cecf3c0 (webtiles) character file.

Game seed: 14656396257328602000

660557 Chiseanne the Devastator (level 27, -14/234 HPs)
             Began as a Demonspawn Wanderer on Feb 24, 2021.
             Was the Champion of Vehumet.
             Killed from afar by a Hell Sentinel (48 damage)
             ... with damnation
             ... on level 19 of a ziggurat on Feb 25, 2021.
             The game lasted 05:14:20 (46290 turns).

Chiseanne the Devastator (Demonspawn Wanderer)     Turns: 46290, Time: 05:14:21

Health: -14/234    AC: 18    Str: 18    XL:     27
Magic:  0/46       EV: 14    Int: 32    God:    Vehumet [******]
Gold:   4606       SH: 15    Dex: 10    Spells: 11/64 levels left

rFire    + + +     SeeInvis .   w - +9 hand crossbow of the Ten Stars {freeze, rF+ Int+6}
rCold    + . .     Faith    .   o - +3 buckler {rC+}
rNeg     + + +     Spirit   +   (armour currently unavailable)
rPois    ∞         Reflect  +   (helmet unavailable)
rElec    +         Harm     .   n - +1 cloak of Satisfaction {rN+ Int+2}
rCorr    .         Rampage  .   (gloves currently unavailable)
Will     ++...                  (boots currently unavailable)
Stlth    +.........             D - amulet of reflection
HPRegen  3.49/turn              m - ring of the Prince {Fire +Blink rPois rN+ Dex-2}
MPRegen  0.60/turn              t - ring "Oriegup" {Wiz rF+}

@: statue-form, corroded, studying Invocations, very slow
A: horns 3, cold resistance 1, deformed body, passive freeze, powered by death
3, regeneration 1, strong 1, magic shield, magic regeneration, magic link,
freezing cloud immunity, subdued magic 1, sharp scales 3
}: 3/15 runes: decaying, silver, gossamer
a: End Transformation, Renounce Religion, Evoke Blink


You were on level 19 of a ziggurat.
You worshipped Vehumet.
Vehumet was exalted by your worship.
You were a stone statue.
You visited 9 branches of the dungeon, and saw 47 of its levels.
You visited 1 ziggurat, and saw 19 of its levels.
You also visited: Ice Cave and Desolation.

You collected 9647 gold pieces.
You spent 5041 gold pieces at shops.

Inventory:

Hand Weapons
 a - the +5 whip of Erargh {elec, rC+ Int+3}
   (You found it on level 6 of the Lair of Beasts)

   Occasionally, upon striking a foe, it can discharge electrical energy and
   cause terrible harm.
   It affects your intelligence (+3).
   It protects you from cold.
 s - the +7 demon whip "Hoehofas" {freeze, rN++ Str+4}
   (You found it on level 1 of the Depths)

   It has been specially enchanted to freeze those struck by it, causing extra
   injury to most foes and up to half again as much damage against particularly
   susceptible opponents.
   It can also slow down cold-blooded creatures.
   It affects your strength (+4).
   It greatly protects you from negative energy.
 w - the +9 hand crossbow of the Ten Stars (weapon) {freeze, rF+ Int+6}
   (You found it on level 5 of the Vaults)

   It causes projectiles fired from it to freeze those they strike, causing
   extra injury to most foes and up to half again as much damage against
   particularly susceptible opponents.
   They can also slow down cold-blooded creatures.
   It affects your intelligence (+6).
   It protects you from fire.
Missiles
 u - 8 boomerangs of dispersal (quivered)
 y - a throwing net
Armour
 n - the +1 cloak of Satisfaction (worn) {rN+ Int+2}
   (You found it in the Desolation of Salt)

   It affects your intelligence (+2).
   It protects you from negative energy.
 o - a +3 buckler of cold resistance (worn)
 H - the +11 swamp dragon scales of Appiby (melded) {rPois Regen+}
   (You found it on level 3 of the Elven Halls)

   It protects you from poison.
   It increases your rate of regeneration.
 O - a +2 pair of gloves (melded)
 Y - a +2 pair of boots (melded)
Jewellery
 m - the ring of the Prince (left hand) {Fire +Blink rPois rN+ Dex-2}
   (You found it in the Desolation of Salt)

   [ring of fire]

   It enhances your fire magic.
   It affects your dexterity (-2).
   It protects you from fire.
   It makes you vulnerable to cold.
   It protects you from poison.
   It protects you from negative energy.
   It lets you blink.
 t - the ring "Oriegup" (right hand) {Wiz rF+}
   (You bought it in a shop on level 4 of the Dungeon)

   [ring of wizardry]

   It improves your spell success rate.
   It protects you from fire.
 D - an amulet of reflection (around neck)
 E - the ring of Tempters {rElec SInv}
   (You found it on level 7 of the Dungeon)

   [ring of see invisible]

   It insulates you from electricity.
   It lets you see invisible.
 F - the amulet of the Harvest {RegenMP rF- Str+7 Int+7}
   (You found it on level 9 of a ziggurat)

   [amulet of magic regeneration]

   It increases your magic regeneration.
   It affects your strength (+7).
   It affects your intelligence (+7).
   It makes you vulnerable to fire.
 M - the ring of the Mackerel {Wiz rPois rF+ rC- Dex+5}
   (You found it on level 12 of a ziggurat)

   [ring of wizardry]

   It improves your spell success rate.
   It affects your dexterity (+5).
   It protects you from fire.
   It makes you vulnerable to cold.
   It protects you from poison.
 P - the ring "Siesm" {rF+ Will+ Int+3 Slay+2}
   (You found it on level 14 of a ziggurat)

   [ring of willpower]

   It affects your intelligence (+3).
   It affects your accuracy and damage with ranged weapons and melee attacks
   (+2).
   It protects you from fire.
   It affects your willpower, your defense against some magical effects.
 Q - the ring of the Coward {+Fly rC+ MP+9 Dex+2 Slay+5}
   (You found it on level 14 of a ziggurat)

   [ring of flight]

   It affects your dexterity (+2).
   It affects your accuracy and damage with ranged weapons and melee attacks
   (+5).
   It protects you from cold.
   It affects your magic capacity (+9).
   It lets you fly.
 V - the ring "Sabihyom" {rC+ Int+4 Dex+2 SInv}
   (You found it on level 17 of a ziggurat)

   [ring of see invisible]

   It affects your intelligence (+4).
   It affects your dexterity (+2).
   It protects you from cold.
   It lets you see invisible.
Wands
 B - a wand of digging (5)
 R - a wand of acid (44)
 Z - a wand of iceblast (38)
Scrolls
 c - 10 scrolls of blinking
 d - 6 scrolls of magic mapping
 e - 6 scrolls of enchant armour
 f - 3 scrolls of silence
 g - 2 scrolls of fear
 l - 4 scrolls of fog
 p - 6 scrolls of immolation
 z - 34 scrolls of teleportation
 I - 2 scrolls of summoning
Potions
 b - 14 potions of ambrosia
 h - 5 potions of resistance
 i - a potion of heal wounds
 j - a potion of brilliance
 r - 9 potions of curing
 v - 2 potions of cancellation
 x - 11 potions of flight
 A - 8 potions of mutation
 G - 4 potions of invisibility
 K - 2 potions of haste
 N - 8 potions of might
 W - 3 potions of berserk rage
Miscellaneous
 k - a phantom mirror
 q - a lightning rod (4/4)
 J - a condenser vane
 L - a tin of tremorstones (2/2)
 T - a box of beasts


   Skills:
 * Level 7.3 Fighting
 - Level 12.5 Short Blades
 - Level 1.0 Maces & Flails
 - Level 1.0 Crossbows
 - Level 10.0 Armour
 - Level 6.1 Dodging
 * Level 15.2 Shields
 * Level 19.4 Spellcasting
 - Level 20.9 Conjurations
 - Level 8.6 Translocations
 - Level 10.4 Transmutations
 - Level 19.6 Fire Magic
 - Level 12.1 Ice Magic
 - Level 12.1 Air Magic
 - Level 9.1 Earth Magic


You had 11 spell levels left.
You knew the following spells:

 Your Spells              Type           Power        Failure   Level
a - Ignition              Fire           55%          1%          8
b - Fire Storm            Conj/Fire      55%          3%          9
c - Iskenderun's Mystic   Conj/Tloc      77%          0%          4
d - Mephitic Cloud        Conj/Pois/Air  67%          0%          3
e - Sticky Flame          Conj/Fire      100%         0%          4
f - Freezing Cloud        Conj/Ice/Air   39%          1%          6
g - Iskenderun's Battles  Conj           91%          0%          5
h - Bolt of Magma         Conj/Fire/Erth 51%          0%          5
i - Apportation           Tloc           100%         0%          1
j - Statue Form           Tmut/Erth      42%          1%          6
k - Searing Ray           Conj           100%         0%          2

Your spell library contained the following spells:

 Spells                   Type           Power        Failure   Level
 Lehudib's Crystal Spear  Conj/Erth      39%          1%          8
 Shatter                  Erth           31%          88%         9
 Beastly Appendage        Tmut           100%         0%          1
 Foxfire                  Conj/Fire      100%         0%          1
 Freeze                   Ice            100%         0%          1
 Magic Dart               Conj           100%         0%          1
 Sandblast                Erth           100%         0%          1
 Shock                    Conj/Air       100%         0%          1
 Passwall                 Tmut/Erth      53%          0%          2
 Swiftness                Air            71%          0%          2
 Wereblood                Tmut           66%          0%          2
 Conjure Flame            Conj/Fire      100%         0%          3
 Dazzling Flash           Conj/Hex       100%         0%          3
 Frozen Ramparts          Ice            100%         0%          3
 Ozocubu's Armour         Ice            70%          0%          3
 Static Discharge         Conj/Air       81%          0%          3
 Stone Arrow              Conj/Erth      100%         0%          3
 Hailstorm                Conj/Ice       81%          0%          4
 Fireball                 Conj/Fire      55%          0%          5
 Lightning Bolt           Conj/Air       40%          0%          5
 Starburst                Conj/Fire      55%          0%          6
 Animate Skeleton         Necr           46%          1%          1
 Corona                   Hex            25%          1%          1
 Pain                     Necr           92%          1%          1
 Sting                    Tmut/Pois      100%         1%          1
 Summon Small Mammal      Summ           92%          1%          1
 Blink                    Tloc           N/A          1%          2
 Call Imp                 Summ           23%          1%          2
 Corpse Rot               Necr/Air       N/A          1%          2
 Ensorcelled Hibernation  Hex/Ice        100%         1%          2
 Poisonous Vapours        Pois/Air       100%         1%          2
 Slow                     Hex            23%          1%          2
 Sublimation of Blood     Necr           11%          1%          2
 Call Canine Familiar     Summ           23%          1%          3
 Confusing Touch          Hex            23%          1%          3
 Gell's Gravitas          Tloc           30%          1%          3
 Ignite Poison            Fire/Tmut/Pois 83%          1%          3
 Inner Flame              Hex/Fire       83%          1%          3
 Lesser Beckoning         Tloc           30%          1%          3
 Portal Projectile        Hex/Tloc       90%          1%          3
 Spider Form              Tmut/Pois      24%          1%          3
 Summon Guardian Golem    Hex/Summ       23%          1%          3
 Teleport Other           Tloc           60%          1%          3
 Tukima's Dance           Hex            23%          1%          3
 Vampiric Draining        Necr           11%          1%          3
 Airstrike                Air            35%          1%          4
 Animate Armour           Summ/Erth      92%          1%          4
 Fulminant Prism          Conj/Hex       33%          1%          4
 Ice Form                 Ice/Tmut       68%          1%          4
 Manifold Assault         Tloc           60%          1%          4
 Olgreb's Toxic Radiance  Pois           23%          1%          4
 Passage of Golubria      Tloc           N/A          1%          4
 Petrify                  Tmut/Erth      64%          1%          4
 Summon Ice Beast         Ice/Summ       52%          1%          4
 Summon Lightning Spire   Summ/Air       52%          1%          4
 Alistair's Intoxication  Tmut/Pois      32%          1%          5
 Blade Hands              Tmut           33%          1%          5
 Borgnjor's Vile Clutch   Necr/Erth      23%          1%          5
 Irradiate                Conj/Tmut      39%          1%          5
 Lee's Rapid Deconstruct  Erth           31%          1%          5
 Metabolic Englaciation   Hex/Ice        26%          1%          5
 Silence                  Hex/Air        26%          1%          5
 Summon Forest            Summ/Tloc      22%          1%          5
 Yara's Violent Unravell  Hex/Tmut       24%          1%          5
 Conjure Ball Lightning   Conj/Air       40%          1%          6
 Dispersal                Tloc           30%          1%          6
 Hydra Form               Tmut           33%          1%          6
 Iron Shot                Conj/Erth      39%          1%          6
 Ozocubu's Refrigeration  Ice            35%          1%          7
 Chain Lightning          Conj/Air       40%          1%          8
 Eringya's Noxious Bog    Tmut/Pois      24%          2%          6
 Animate Dead             Necr           11%          4%          4
 Cause Fear               Hex            11%          4%          4
 Dispel Undead            Necr           23%          4%          4
 Simulacrum               Ice/Necr       26%          4%          6
 Dragon Form              Tmut           33%          4%          7
 Agony                    Necr           23%          12%         5
 Excruciating Wounds      Necr           11%          12%         5
 Summon Mana Viper        Hex/Summ       23%          12%         5
 Malign Gateway           Summ/Tloc      22%          50%         7
 Death Channel            Necr           11%          52%         6
 Invisibility             Hex            23%          52%         6
 Shadow Creatures         Summ           N/A          52%         6
 Absolute Zero            Ice            35%          54%         9
 Tornado                  Air            35%          54%         9
 Disjunction              Tloc           30%          58%         8
 Haunt                    Necr/Summ      11%          97%         7
 Summon Hydra             Summ           11%          97%         7
 Dragon's Call            Summ           11%          100%        9


Dungeon Overview and Level Annotations

Branches:
Dungeon (15/15)              Lair (6/6) D:11          Swamp (4/4) Lair:4
 Spider (4/4) Lair:4        Slime (0/5) Lair:6          Orc (2/2) D:9
    Elf (3/3) Orc:2        Vaults (5/5) D:14          Crypt (3/3) Vaults:2
   Tomb (0/3) Crypt:3      Depths (5/5) D:15            Zot (0/5) Depths:5
  IceCv (visited)         Desolation (visited)
 Temple: D:4-7

Altars:
Cheibriados
Elyvilon
Fedhas
Hepliaklqana
Kikubaaqudgha
Makhleb
Okawaru
Vehumet
Yredelemnul
The Shining One
Beogh

Shops:
D:4 :*=   D:12 (   Orc:2 ==*:   Vaults:1 *   Vaults:2 ?   Vaults:4 *
Depths:1 :   Depths:2 ?=:=   Depths:5 *

Portals:
Hell: Depths:1 Depths:2 Depths:4 Depths:5
Abyss: Depths:3 Depths:4
Pandemonium: Depths:2

Annotations:
D:4 3 runed translucent doors, miami27's ghost, amateur GrFi
D:11 1 runed translucent door, exclusion: downstairs
D:12 exclusion: downstairs
Lair:1 exclusion: ice statue
Swamp:1 exclusion: downstairs, Louise
Swamp:2 exclusion: upstairs
Swamp:3 exclusion: upstairs
Swamp:4 exclusion: upstairs
Spider:3 Jorgrun
Spider:4 exclusion: 2 upstairs
Depths:3 Mennas


Innate Abilities, Weirdness & Mutations

You have a pair of large horns on your head.
Your flesh is cold resistant. (rC+)
A frigid envelope surrounds you and freezes all who hurt you.
You regenerate a lot of health from kills.
When hurt, damage is shared between your health and your magic reserves.
You regenerate magic rapidly.
When low on magic, you restore magic in place of health.
You are immune to freezing clouds.
(You are completely covered in razor-sharp scales. (AC +3, Slay +3))
Armour fits poorly on your strangely shaped body.
Your natural rate of healing is unusually fast.
Your muscles are strong. (Str +2)
Your spells are a little easier to cast, but a little less powerful.


Message History

The crystal guardian partially resists.
The crystal guardian is heavily damaged.
You hear a shout!
The caustic shrike is engulfed in blazing flames.
The war gargoyle launches metal splinters at you.
The spray of metal splinters hits your fire vortex!!!
Your fire vortex dissipates!
The caustic shrike is engulfed in blazing flames.
You block the iron giant's attack.
The entropy weaver points at you and mumbles some strange words.
The entropic weave corrodes you! You block the Hell Sentinel's attack.
The Hell Sentinel hits you!
The Hell Sentinel completely resists.
The entropy weaver is engulfed in blazing flames.
Your fire vortex completely misses the caustic shrike.
An entropy weaver comes into view.
The caustic shrike is engulfed in blazing flames.
The entropy weaver points at you and mumbles some strange words.
The entropic weave corrodes you!
A gargoyle comes into view. It is wielding a +0 mace.
The Hell Sentinel hits you!!
The Hell Sentinel completely resists.
You block the Hell Sentinel's attack.
The entropy weaver is engulfed in blazing flames.
You kill the entropy weaver!
Vehumet accepts your kill.
You feel your power returning. The iron giant casts a spell at you.
The iron shot hits you!!
* * * LOW HITPOINT WARNING * * *
Blink to where?
Press: ? - help, Dir - move target, p - caustic shrike
As you read the scroll of blinking, it crumbles to dust.
Something hits the iron giant.
Something burns the iron giant!
The iron giant resists.
As you read the scroll of summoning, it crumbles to dust.
Wisps of shadow whirl around you...
The iron giant throws the Hell Sentinel at you!
* * * LOW HITPOINT WARNING * * *
The Hell Sentinel gestures at you.
The sphere of damnation explodes!
The damnation engulfs you!!!
You die...

......
▓▓▓▓▓▓▓▓▓▓▓......
▓8.C.......88....
▓1w8.....v.88.9..
▓..9b.......B°...
▓..........8.C...
▓.......C.vv.°.9.
▓∩......§.†8†○.B.
▓..........v1.v..
▓............v...
▓................


You could see an iron giant, a Hell Sentinel, a caustic shrike (ally target), a
friendly iron golem (summoned), a friendly stone giant (summoned), a friendly
torpor snail (summoned) and a friendly war gargoyle (summoned).

Vanquished Creatures
  A dread lich (Crypt:3)
  Mara (Vaults:2)
  4 orbs of fire (Zig:16)
  A juggernaut (Depths:2)
  2 royal mummies (Zig:10)
  Bai Suzhen (Crypt:3)
  Margery (Depths:3)
  Xtahua (Depths:2)
  6 caustic shrikes
  2 golden dragons
  Arachne (Spider:3)
  3 bone dragons
  4 pearl dragons
  4 electric golems (Zig:17)
  4 tentacled monstrosities (Vaults:5)
  4 Ice Fiends
  2 hellephants (Zig:14)
  8 titans
  2 deep elf blademasters (Elf:3)
  8 liches
  2 deep elf master archers (Elf:3)
  3 quicksilver dragons
  4 sphinxes
  5 acid blobs (Zig:18)
  An Executioner (Zig:15)
  A tentacled starspawn (Zig:7)
  3 tengu reavers
  Kirke (Swamp:1)
  3 daevas
  6 shadow dragons
  A revenant (Zig:3)
  3 azure jellies (Zig:18)
  13 storm dragons
  An iron dragon (Depths:4)
  20 fire giants
  5 deep elf sorcerers (Elf:3)
  3 emperor scorpions
  12 vault wardens
  10 frost giants
  2 imperial myrmidons (Desolation)
  3 balrugs
  A draconian knight (Depths:5)
  An orc warlord (Orc:2)
  A curse skull (Crypt:1)
  6 deep elf elementalists (Elf:3)
  5 war gargoyles
  4 ghost moths
  2 reapers (Zig:11)
  6 ghouls (Crypt:2)
  Aizul (Vaults:1)
  3 spriggan defenders
  4 angels
  A juggernaut skeleton (Zig:11)
  6 apis
  7 ophanim
  15 ironheart preservers
  18 very ugly things
  A corrupter (Zig:15)
  4 deep elf demonologists
  16 vampire knights
  A black draconian (Zig:15)
  8 dire elephants
  12 deep elf annihilators
  22 stone giants
  A green draconian (Depths:5)
  6 bunyips
  3 yellow draconians (Depths:5)
  A halazid warlock (Desolation)
  6 entropy weavers
  5 deep elf death magi
  12 ettins
  10 fire dragons
  10 spark wasps
  6 eidola
  4 crystal guardians
  2 blizzard demons
  2 mummy priests (Zig:10)
  6 eleionomae
  2 jiangshi (Crypt:1)
  2 ragged hierophants (Desolation)
  A death ooze (Zig:18)
  10 great orbs of eyes
  Josephine (D:12)
  4 deep elf high priests
  14 yaktaur captains
  A quicksilver dragon skeleton (Crypt:3)
  Harold (D:7)
  A servant of whispers (Desolation)
  Fannar (D:12)
  A rakshasa (Depths:1)
  A shambling mangrove (Swamp:1)
  27 vault guards
  5 boulder beetles
  10 ice dragons
  29 hydras
  6 spriggan air magi
  A peacekeeper (Desolation)
  A juggernaut simulacrum (Depths:4)
  5 ghost crabs
  8 centaur warriors
  34 two-headed ogres
  12 ogre magi
  A merfolk avatar (Lair:6)
  2 catoblepae
  A merfolk aquamancer (Zig:5)
  11 alligators
  12 dancing weapons
  4 tengu warriors
  2 two-headed ogres (shapeshifter)
  9 deep troll earth magi
  6 vampire magi
  10 deep troll shamans
  A queen ant (shapeshifter) (Vaults:3)
  2 death knights
  3 hell hogs (Zig:11)
  3 thrashing horrors (Zig:15)
  A death yak (Zig:13)
  A death scarab (Zig:10)
  4 orc high priests (Orc:2)
  Urug (D:9)
  5 shock serpents
  14 deep elf knights
  2 spriggan berserkers
  3 soul eaters
  2 wretched stars
  28 hell knights
  A sun demon (Zig:15)
  2 sixfirhies
  3 iron trolls
  A death drake (Swamp:3)
  6 spriggan druids
  17 skeletal warriors
  2 fire crabs (Zig:16)
  A spatial maelstrom (Zig:15)
  3 shadow wraiths
  An unseen horror (D:13)
  2 storm dragon zombies
  A storm dragon skeleton (Depths:4)
  A death drake (shapeshifter) (Depths:5)
  3 glowing orange brains
  A torturous demonspawn (Depths:3)
  3 goliath frogs
  An infernal demonspawn (Depths:3)
  29 deep trolls
  2 salamander mystics
  2 golden dragon zombies
  An unseen horror (shapeshifter) (Vaults:2)
  8 bog bodies
  13 phantasmal warriors
  A sea snake (Zig:5)
  A sphinx zombie (Crypt:2)
  A shadow demon (Zig:15)
  6 flayed ghosts
  2 harpies
  A tengu zombie (Zig:11)
  4 spectral hydras (Swamp:4)
  3 swamp dragons
  19 ironbrand convokers
  3 wizards
  7 deep elf archers
  A harpy (shapeshifter) (Vaults:3)
  2 cherubim (Zig:12)
  14 deep elf zephyrmancers
  2 shadow dragon zombies
  20 deep elf pyromancers
  16 orc knights
  A lindwurm (Zig:13)
  A wolf spider zombie (D:14)
  A golden dragon skeleton (Zig:9)
  An obsidian statue (Zig:17)
  An orb spider (shapeshifter) (Vaults:2)
  13 necromancers
  2 frost giant zombies
  A stone giant zombie (Zig:9)
  2 will-o-the-wisps
  15 orb spiders
  2 salamanders (Depths:1)
  6 orc sorcerers
  7 cyclopes
  30 wolf spiders
  4 shining eyes (Zig:18)
  4 centaur zombies
  4 manticores
  Maurice (D:10)
  2 human skeletons
  2 tengu skeletons
  4 frost giant skeletons
  19 elephants
  5 moths of wrath
  38 ugly things
  A merfolk siren (Zig:5)
  A water nymph (Zig:5)
  3 ice statues (Zig:17)
  A moth of wrath (shapeshifter) (Vaults:5)
  10 vault sentinels
  6 black mambas
  2 guardian serpents (Desolation)
  A torpor snail (shapeshifter) (Depths:5)
  An eye of devastation (shapeshifter) (Vaults:5)
  A cane toad (shapeshifter) (Depths:2)
  2 torpor snails
  3 eyes of devastation
  3 gargoyles
  4 smoke demons
  A shock serpent skeleton (Crypt:1)
  13 cane toads
  A hellion (Depths:3)
  A rime drake (shapeshifter) (Vaults:4)
  2 kobold demonologists (D:6)
  5 demonic crawlers
  2 yaktaurs (shapeshifter) (Vaults:4)
  A dire elephant skeleton (Crypt:3)
  A spriggan skeleton (Zig:11)
  3 anaconda simulacra (IceCv)
  7 rime drakes
  8 freezing wraiths
  2 tormentors (Zig:11)
  7 swamp worm zombies (Swamp:4)
  8 efreet
  4 ancient zymes
  3 golden dragon simulacra (IceCv)
  13 komodo dragons
  35 yaktaurs
  6 guardian mummies (Zig:10)
  9 ice devils
  A grey draconian skeleton (Crypt:2)
  22 jumping spiders
  A merfolk (Zig:5)
  12 trolls
  A wolf spider simulacrum (IceCv)
  4 hydra zombies
  A queen bee (shapeshifter) (D:15)
  6 tyrant leeches
  2 red devils
  A bloated husk (Swamp:1)
  16 blink frogs
  16 saltlings (Desolation)
  2 hellwings
  A queen bee (Lair:3)
  Grinder (D:5)
  6 polar bears
  A blink frog (shapeshifter) (D:15)
  26 hornets
  2 wind drakes
  An alligator zombie (Swamp:4)
  26 slime creatures
  An ettin zombie (Crypt:3)
  A raiju (shapeshifter) (Depths:2)
  4 dream sheep
  3 spectral swamp dragons (Swamp:4)
  A snapping turtle (Zig:5)
  A raiju (Zig:7)
  A fire dragon zombie (Crypt:3)
  6 air elementals
  4 water elementals
  An ushabti (Zig:10)
  9 starcursed masses
  Sigmund (D:2)
  37 flying skulls
  2 shadows
  17 tarantellas
  9 wyverns
  53 redbacks
  33 spriggans
  Eustachio (D:5)
  A fire dragon skeleton (Crypt:3)
  A spriggan (shapeshifter) (Vaults:2)
  A dire elephant simulacrum (IceCv)
  2 humans (D:9)
  17 wraiths
  A hog (shapeshifter) (Depths:4)
  56 yaks
  A yak (shapeshifter) (D:15)
  2 neqoxecs
  4 fire elementals
  7 hogs (Swamp:1)
  5 basilisks
  15 vampire mosquitoes
  A chaos spawn (Zig:15)
  A harpy simulacrum (IceCv)
  4 large abominations
  A swamp worm (shapeshifter) (Depths:4)
  9 wargs
  22 water moccasins
  4 acid dragons
  A naga (Zig:2)
  6 hydra simulacra (IceCv)
  A soldier ant (D:11)
  A cane toad zombie (Crypt:1)
  8 hell hounds
  16 swamp worms
  Duvessa (D:6)
  A monstrous demonspawn skeleton (Crypt:2)
  2 small abominations (Zig:15)
  A swamp drake (Swamp:4)
  59 orc warriors
  5 sky beasts
  A snapping turtle zombie (Crypt:3)
  5 ice beasts
  4 swamp dragon zombies (Swamp:4)
  3 black bears
  A black bear (shapeshifter) (Zig:7)
  A wolf (Vaults:1)
  8 eyes of draining
  9 necrophages
  42 ogres
  11 boggarts
  24 centaurs
  An elephant skeleton (Crypt:2)
  An ettin simulacrum (IceCv)
  A dream sheep skeleton (Crypt:2)
  8 phantoms
  3 kobold brigands
  A yaktaur zombie (Crypt:1)
  3 earth elementals
  19 bullfrogs
  A gnoll sergeant (D:6)
  2 glowing shapeshifter simulacra
  6 scorpions
  A wyvern skeleton (D:12)
  Dowan (D:6)
  A swamp dragon simulacrum (IceCv)
  40 killer bees
  17 wights
  4 howler monkeys
  3 electric eels
  3 hounds
  A draconian simulacrum (IceCv)
  34 orc priests
  2 jellies
  2 bullfrog zombies
  A gnoll shaman (D:5)
  2 bullfrog skeletons
  4 centaur skeletons
  5 iguanas
  10 worker ants
  22 orc wizards
  A spectral swamp drake (Swamp:4)
  2 polar bear simulacra (IceCv)
  A wolf simulacrum (IceCv)
  2 centaur simulacra (IceCv)
  A felid skeleton (Crypt:2)
  2 hound skeletons
  7 mummies (Zig:10)
  3 worker ant zombies
  6 adders
  16 gnolls
  2 ogre simulacra (IceCv)
  15 white imps
  10 ufetubi
  A lava snake zombie (Crypt:1)
  An ooze (D:3)
  An adder skeleton (D:6)
  2 adder zombies
  2 worms
  3 dart slugs
  5 leopard geckos
  132 orcs
  2 ball pythons (D:3)
  12 giant cockroaches
  5 goblins
  8 hobgoblins
  25 jackals
  7 quokkas
  2 bats (D:1)
  7 frilled lizards
  A gnoll skeleton (Crypt:1)
  A gnoll zombie (Crypt:1)
  18 kobolds
  A kobold skeleton (Crypt:2)
  7 rats
  A spectral orc (D:3)
  15 bushes (Depths:4)
  2 butterflies (D:11)
  12 pillars of salt (Elf:1)
2471 creatures vanquished.

Vanquished Creatures (collateral kills)
  A royal mummy (Zig:10)
  A hellephant (Zig:13)
  A tentacled starspawn (Zig:15)
  A storm dragon (Zig:17)
  A fire giant (Zig:16)
  An angel (Zig:12)
  A torpor snail (Zig:13)
  A polar bear (Zig:13)
  An air elemental (Zig:17)
  A starcursed mass (Zig:15)
  A wolf (Zig:14)
  An orc (Orc:2)
12 creatures vanquished.

Vanquished Creatures (others)
  A storm dragon (Zig:17)
  Sonja (Lair:4)
  A shock serpent (Zig:17)
  A rime drake (Lair:6)
  3 bloated husks (Swamp:4)
  2 raiju (Zig:17)
  2 redbacks (Spider:4)
  A kobold brigand (D:6)
  4 bushes (Depths:4)
  184 fire vortices
  9 foxfires
  21 fungi
  27 plants
  2 starspawn tentacles (Zig:15)
259 creatures vanquished.

Grand Total: 2742 creatures vanquished

Notes
Turn   | Place    | Note
-------+----------+-------------------------------------------
     0 | D:1      | Chiseanne the Demonspawn Wanderer began the quest for the
                  | Orb.
     0 | D:1      | Chiseanne set off with the following items: a +2 hand
                  | crossbow, 23 bolts, a +0 ring mail, a scroll of
                  | teleportation
     0 | D:1      | Reached XP level 1. HP: 21/21 MP: 1/1
    96 | D:1      | Gained mutation: You regenerate magic rapidly. [demonic
                  | ancestry]
    96 | D:1      | Reached XP level 2. HP: 5/27 MP: 2/2
   349 | D:1      | You fall into a shaft and drop 1 floor!
   495 | D:1      | Reached skill level 1 in Dodging
  1320 | D:2      | Gained mutation: You regenerate a little health from kills.
                  | [demonic ancestry]
  1320 | D:2      | Reached XP level 3. HP: 33/33 MP: 3/3
  1342 | D:2      | You fall into a shaft and drop 1 floor!
  1355 | D:3      | Reached XP level 4. HP: 33/39 MP: 4/4
  1527 | D:2      | Noticed Sigmund
  1541 | D:2      | Killed Sigmund
  1542 | D:2      | Reached XP level 5. HP: 29/46 MP: 5/5
  1554 | D:2      | Reached XP level 6. HP: 15/52 MP: 6/6
  1956 | D:2      | Found a radiant altar of Vehumet.
  1959 | D:2      | Became a worshipper of Vehumet
  2492 | D:3      | Reached * piety under Vehumet
  2492 | D:3      | Offered knowledge of Sandblast by Vehumet.
  2663 | D:3      | Found a basalt altar of Yredelemnul.
  2824 | D:3      | Reached skill level 1 in Spellcasting
  2853 | D:3      | Found a glowing golden altar of the Shining One.
  3017 | D:4      | Found a runed translucent gate.
  3018 | D:4      | Found a runed translucent gate.
  3019 | D:4      | Found a runed translucent gate.
  3020 | D:4      | Noticed miami27's ghost (amateur GrFi)
  3121 | D:4      | Found Xitouwko's Jewellery Shop.
  3153 | D:4      | Found Sutt's Assorted Antiques.
  3158 | D:4      | Bought a scroll labelled TEASHR MATO for 17 gold pieces
  3158 | D:4      | Bought a scroll labelled FATTAINNIG for 17 gold pieces
  3158 | D:4      | Bought a fuming coppery potion for 15 gold pieces
  3158 | D:4      | Bought a shiny silver ring for 85 gold pieces
  3386 | D:4      | Found Viatatef's Book Emporium.
  3496 | D:5      | Entered Level 5 of the Dungeon
  3496 | D:5      | Noticed Grinder
  3692 | D:5      | Learned a level 1 spell: Magic Dart
  3757 | D:5      | Gained mutation: You regenerate health from kills. [demonic
                  | ancestry]
  3757 | D:5      | Reached XP level 7. HP: 58/59 MP: 2/9
  3805 | D:5      | Found a hazy altar of Hepliaklqana.
  3954 | D:5      | Learned a level 2 spell: Searing Ray
  4007 | D:5      | Reached skill level 1 in Conjurations
  4216 | D:5      | Noticed Eustachio
  4330 | D:5      | Killed Eustachio
  4331 | D:5      | Reached skill level 2 in Conjurations
  4501 | D:5      | Offered knowledge of Freeze by Vehumet.
  4581 | D:5      | Killed Grinder
  4582 | D:5      | Reached skill level 3 in Conjurations
  4582 | D:5      | Reached XP level 8. HP: 57/65 MP: 2/13
  4769 | D:5      | Reached ** piety under Vehumet
  4951 | D:5      | Reached skill level 5 in Dodging
  5375 | D:6      | Reached XP level 9. HP: 71/71 MP: 13/24
  5378 | D:6      | Learned a level 1 spell: Apportation
  5383 | D:6      | Learned a level 4 spell: Iskenderun's Mystic Blast
  5431 | D:6      | Found a white marble altar of Elyvilon.
  5711 | D:6      | Reached skill level 1 in Translocations
  5714 | D:6      | Reached skill level 4 in Conjurations
  5860 | D:6      | Found a burning altar of Makhleb.
  5919 | D:6      | Offered knowledge of Static Discharge by Vehumet.
  5930 | D:6      | Identified the +10 spear "Zoaleostroo" {pain, Str-2 Int+3
                  | Stlth+}
  6090 | D:6      | Noticed Duvessa
  6090 | D:6      | Noticed Dowan
  6092 | D:6      | Noticed a kobold demonologist
  6108 | D:6      | Killed Dowan
  6110 | D:6      | Killed Duvessa
  6116 | D:6      | Noticed a red devil
  6120 | D:6      | Killed a kobold demonologist
  6377 | D:7      | Reached *** piety under Vehumet
  6417 | D:7      | Gained mutation: When hurt, damage is shared between your
                  | health and your magic reserves. [demonic ancestry]
  6417 | D:7      | Reached XP level 10. HP: 60/77 MP: 25/25
  6504 | D:7      | Got a heavily runed ivory ring
  6514 | D:7      | Identified the ring of Tempters {rElec SInv} (You found it
                  | on level 7 of the Dungeon)
  6795 | D:7      | Noticed Harold
  6799 | D:7      | Gained mutation: Armour fits poorly on your strangely
                  | shaped body. [potion of mutation]
  6799 | D:7      | Gained mutation: Your natural rate of healing is unusually
                  | fast. [potion of mutation]
  6799 | D:7      | Gained mutation: Your muscles are strong. (Str +2) [potion
                  | of mutation]
  6825 | D:7      | Killed Harold
  6826 | D:7      | Reached skill level 5 in Conjurations
  6900 | D:7      | Found a snail-covered altar of Cheibriados.
  7233 | D:8      | Offered knowledge of Conjure Flame by Vehumet.
  7246 | D:8      | You fall into a shaft and drop 1 floor!
  7370 | D:8      | Noticed a two-headed ogre
  7412 | D:9      | Found an iron altar of Okawaru.
  7496 | D:9      | Found an ancient bone altar of Kikubaaqudgha.
  7498 | D:9      | Found a blossoming altar of Fedhas.
  7571 | D:9      | Got a crystal whip
  7572 | D:9      | Identified the +8 whip of Fortitude {flame, *Rage Fragile
                  | rPois Int+8} (You found it on level 9 of the Dungeon)
  7594 | D:9      | Reached **** piety under Vehumet
  7689 | D:9      | Offered knowledge of Sticky Flame by Vehumet.
  7733 | D:9      | Found a staircase to the Orcish Mines.
  7890 | Orc:1    | Entered Level 1 of the Orcish Mines
  7934 | Orc:1    | Noticed Urug
  8016 | D:9      | Killed Urug
  8133 | Orc:1    | Noticed an orc knight
  8900 | D:10     | Entered Level 10 of the Dungeon
  9058 | D:10     | Gained mutation: You are partially covered in razor-sharp
                  | scales. (AC +1, Slay +1) [demonic ancestry]
  9058 | D:10     | Reached XP level 11. HP: 82/83 MP: 17/27
  9062 | D:10     | Reached skill level 6 in Conjurations
  9175 | D:10     | Noticed Maurice
  9196 | D:10     | Killed Maurice
  9450 | D:10     | Learned a level 4 spell: Sticky Flame
  9717 | D:11     | Noticed a white ugly thing
  9735 | D:11     | Killed a white ugly thing
  9803 | D:11     | Found a staircase to the Lair.
  9884 | D:11     | Found a runed translucent door.
  9886 | D:11     | Found a runed translucent door.
  9927 | D:11     | Reached skill level 5 in Translocations
 10193 | D:11     | Reached ***** piety under Vehumet
 10193 | D:11     | Offered knowledge of Lee's Rapid Deconstruction by Vehumet.
 10241 | D:12     | Noticed a two-headed ogre
 10252 | D:12     | Killed a two-headed ogre
 10253 | D:12     | Reached skill level 7 in Conjurations
 10324 | D:12     | Noticed Fannar
 10343 | D:12     | Killed Fannar
 10427 | D:12     | Found Veunup's Weapon Shop.
 10438 | D:12     | Noticed a boulder beetle
 10516 | D:12     | Killed a boulder beetle
 10517 | D:12     | Reached skill level 5 in Shields
 10672 | D:13     | Noticed a catoblepas
 10721 | D:12     | Noticed Josephine
 10728 | D:12     | Noticed a deep elf pyromancer
 10731 | D:12     | Noticed a two-headed ogre
 10733 | D:12     | Killed Josephine
 10735 | D:12     | Reached XP level 12. HP: 87/89 MP: 11/28
 10874 | D:12     | Noticed a two-headed ogre
 10881 | D:12     | Killed a two-headed ogre
 10882 | D:12     | Reached skill level 8 in Conjurations
 10891 | D:12     | Killed a two-headed ogre
 11202 | D:13     | Killed a catoblepas
 11467 | D:13     | Noticed a centaur warrior
 11475 | D:13     | Killed a centaur warrior
 11483 | D:13     | Offered knowledge of Hailstorm by Vehumet.
 11511 | D:13     | Learned a level 4 spell: Hailstorm
 11736 | D:13     | Reached skill level 9 in Conjurations
 11750 | D:13     | Noticed a centaur warrior
 11754 | D:13     | Killed a centaur warrior
 11846 | D:13     | Got a slimy marble ring
 12099 | D:14     | Noticed a centaur warrior
 12106 | D:14     | Killed a centaur warrior
 12114 | D:14     | Found a gate to the Vaults.
 12122 | D:14     | You fall into a shaft and drop 1 floor!
 12122 | D:15     | Entered Level 15 of the Dungeon
 12207 | D:15     | Gained mutation: You have a pair of small horns on your
                  | head. [demonic ancestry]
 12207 | D:15     | Reached XP level 13. HP: 94/94 MP: 30/30
 12343 | D:14     | Identified the ring "Apagooh" {rF+ Dex+5} (You found it on
                  | level 13 of the Dungeon)
 13058 | D:15     | Reached skill level 10 in Conjurations
 13174 | D:15     | Learned a level 3 spell: Mephitic Cloud
 13181 | D:15     | Learned a level 6 spell: Freezing Cloud
 13325 | D:15     | Found a staircase to the Depths.
 13325 | D:15     | Noticed a dire elephant
 13343 | D:15     | Reached skill level 1 in Ice Magic
 13343 | D:15     | Reached skill level 1 in Air Magic
 13358 | D:15     | Killed a dire elephant
 14382 | Orc:2    | Entered Level 2 of the Orcish Mines
 14390 | Orc:2    | Offered knowledge of Bolt of Magma by Vehumet.
 14401 | Orc:1    | Learned a level 5 spell: Bolt of Magma
 14445 | Orc:2    | Found Nauw Lol's Assorted Antiques.
 14474 | Orc:2    | Bought a scroll labelled QAREUZ NAPE for 23 gold pieces
 14474 | Orc:2    | Bought a scroll labelled QUTSEAG ASMEN for 23 gold pieces
 14474 | Orc:2    | Bought a scroll of magic mapping for 80 gold pieces
 14474 | Orc:2    | Bought a scroll of teleportation for 69 gold pieces
 14474 | Orc:2    | Bought a scroll of amnesia for 80 gold pieces
 14474 | Orc:2    | Bought a scroll of identify for 46 gold pieces
 14523 | Orc:2    | Found Naghixt's Book Shop.
 14588 | Orc:2    | Found a roughly hewn altar of Beogh.
 14629 | Orc:2    | Reached skill level 1 in Fire Magic
 14630 | Orc:2    | Reached skill level 1 in Earth Magic
 14766 | Orc:2    | Reached XP level 14. HP: 101/101 MP: 25/32
 15273 | Orc:2    | Offered knowledge of Iskenderun's Battlesphere by Vehumet.
 15324 | Orc:2    | Learned a level 5 spell: Iskenderun's Battlesphere
 15808 | Orc:2    | Found a staircase to the Elven Halls.
 15878 | Orc:2    | Got a scorched quarterstaff
 15882 | Orc:2    | Identified the +1 quarterstaff "Wugoj" {holy, Str+4} (You
                  | found it on level 2 of the Orcish Mines)
 16035 | Orc:2    | Noticed an orc warlord
 16068 | Orc:2    | Killed an orc warlord
 16155 | Orc:2    | Found a roughly hewn altar of Beogh.
 16262 | Orc:2    | Found Qoomy's Jewellery Shop.
 16440 | Orc:2    | Found Qidan's Jewellery Emporium.
 16730 | Lair:1   | Entered Level 1 of the Lair of Beasts
 17546 | Lair:2   | Offered knowledge of Iron Shot by Vehumet.
 17746 | Lair:2   | Learned a level 3 spell: Ozocubu's Armour
 18220 | Lair:3   | Reached skill level 5 in Ice Magic
 18220 | Lair:3   | Reached skill level 5 in Air Magic
 18337 | Lair:3   | Identified Marat's Compendium of Scorching Toxins
 18664 | Lair:3   | Identified the +1 quarterstaff of Due Proportion {freeze,
                  | *Noise Int+5} (You found it on level 3 of the Lair of
                  | Beasts)
 19036 | Lair:3   | Reached ****** piety under Vehumet
 19040 | Lair:3   | Gained mutation: When low on magic, you restore magic in
                  | place of health. [demonic ancestry]
 19040 | Lair:3   | Reached XP level 15. HP: 105/106 MP: 14/33
 19394 | Lair:4   | Noticed Sonja
 19399 | Lair:4   | Killed Sonja
 19545 | Lair:4   | Found a staircase to the Swamp.
 19646 | Lair:4   | Offered knowledge of Spellforged Servitor by Vehumet.
 19729 | Lair:4   | Found a hole to the Spider Nest.
 20813 | Lair:6   | Entered Level 6 of the Lair of Beasts
 21022 | Lair:6   | Found a staircase to the Slime Pits.
 21549 | Lair:6   | Identified the Tome of the Rocks and Displacement
 21567 | Lair:6   | Got an encrusted whip
 21568 | Lair:6   | Identified the +5 whip of Erargh {elec, rC+ Int+3} (You
                  | found it on level 6 of the Lair of Beasts)
 21769 | Spider:1 | Entered Level 1 of the Spider Nest
 22040 | Spider:2 | Offered knowledge of Ozocubu's Refrigeration by Vehumet.
 22145 | Spider:2 | Found a frozen archway.
 22217 | IceCv    | Entered an ice cave
 22529 | IceCv    | Noticed an Ice Fiend
 22535 | IceCv    | Gained mutation: You have a pair of horns on your head.
                  | [demonic ancestry]
 22535 | IceCv    | Reached XP level 16. HP: 70/113 MP: 16/34
 22550 | IceCv    | Killed an Ice Fiend
 22551 | IceCv    | Reached skill level 10 in Ice Magic
 22551 | IceCv    | Reached skill level 10 in Air Magic
 22580 | IceCv    | Identified the Volume of Doomed Snow
 22590 | IceCv    | Got an ancient hat
 22596 | IceCv    | Identified the +0 hat of Joy {rC- Str+8 Dex+8 Stlth-} (You
                  | found it in an ice cave)
 22986 | Spider:3 | Offered knowledge of Lehudib's Crystal Spear by Vehumet.
 22986 | Spider:3 | Offered knowledge of Fire Storm by Vehumet.
 22986 | Spider:3 | Offered knowledge of Shatter by Vehumet.
 23113 | Spider:4 | Entered Level 4 of the Spider Nest
 23211 | Spider:3 | Noticed Arachne
 23230 | Spider:3 | Killed Arachne
 23239 | Spider:3 | Noticed Jorgrun
 23639 | Spider:4 | Got a gossamer rune of Zot
 23882 | Swamp:1  | Entered Level 1 of the Swamp
 23967 | Swamp:1  | Reached skill level 10 in Shields
 23967 | Swamp:1  | Reached XP level 17. HP: 118/118 MP: 19/35
 23979 | Swamp:1  | Noticed Kirke
 23987 | Swamp:1  | Killed Kirke
 24522 | Swamp:4  | Entered Level 4 of the Swamp
 24556 | Swamp:4  | Chiseanne: hi
 24640 | Swamp:3  | teko: hi :)
 24713 | Swamp:1  | Noticed Louise
 24905 | Swamp:4  | Noticed a bone dragon
 25341 | Swamp:4  | Got a decaying rune of Zot
 25412 | Swamp:3  | Killed a bone dragon
 26405 | D:4      | Bought the ring "Oriegup" {Wiz rF+} for 616 gold pieces
 26418 | D:4      | Upgraded the game from 0.27-a0-412-g8dd771eca2 to
                  | 0.27-a0-416-gca2cecf3c0
 26617 | Elf:1    | Entered Level 1 of the Elven Halls
 26621 | Elf:1    | You fall into a shaft and drop 1 floor!
 26703 | Elf:1    | Gained mutation: You have a pair of large horns on your
                  | head. [demonic ancestry]
 26703 | Elf:1    | Reached XP level 18. HP: 125/125 MP: 22/36
 26846 | Elf:1    | Found a ruined gateway.
 26868 | Desolati | Entered the Desolation of Salt
 26906 | Desolati | Reached skill level 15 in Shields
 26928 | Desolati | Identified Sif Muna's Guide on Mutagenic Ice
 26930 | Desolati | Identified a bound golden ring
 26966 | Desolati | Identified a translucent quarterstaff
 26968 | Desolati | Identified a glimmering shortbow
 26969 | Desolati | Identified a brightly glowing cloak
 27440 | Elf:2    | Reached skill level 5 in Fire Magic
 27487 | Elf:3    | Entered Level 3 of the Elven Halls
 27555 | Elf:3    | Learned a level 9 spell: Fire Storm
 27652 | Elf:3    | Identified a translucent amber ring
 27655 | Elf:3    | Identified the amulet "Baelim" {Faith rC+ Int+2 Stlth+}
 27773 | Elf:3    | Identified the Incunabulum of Aerial Summoning
 27777 | Elf:3    | Identified a transparent triple sword
 27826 | Elf:3    | Identified a scorched halberd
 27844 | Elf:3    | Reached skill level 10 in Fire Magic
 27902 | Elf:3    | Identified masterwork swamp dragon scales
 28435 | Depths:1 | Entered Level 1 of the Depths
 28449 | Depths:1 | Gained mutation: You regenerate a lot of health from kills.
                  | [demonic ancestry]
 28449 | Depths:1 | Reached XP level 19. HP: 121/130 MP: 13/37
 28509 | Depths:1 | Reached skill level 11 in Conjurations
 28509 | Depths:1 | Gained mutation: You are mostly covered in razor-sharp
                  | scales. (AC +2, Slay +2) [demonic ancestry]
 28509 | Depths:1 | Reached XP level 20. HP: 137/137 MP: 38/38
 28593 | Depths:1 | Found Tuhocwoux's Book Emporium.
 28655 | Depths:1 | Paralysed by a floating eye for 3 turns
 28677 | Depths:1 | Reached skill level 5 in Armour
 28730 | Depths:1 | Identified a silken robe
 28789 | Depths:1 | Reached skill level 12 in Conjurations
 29216 | Depths:1 | Found a gateway to Hell.
 29224 | Depths:1 | Identified a scroll of acquirement
 29224 | Depths:1 | Acquired 570 gold pieces
 29231 | Depths:1 | Identified a bone demon whip
 29338 | Depths:2 | Found a one-way gate leading to the halls of Pandemonium.
 29338 | Depths:2 | Found Fici's Magic Scroll Emporium.
 29389 | Depths:2 | Bought a scroll of acquirement for 1040 gold pieces
 29389 | Depths:2 | Bought 2 scrolls of enchant armour for 300 gold pieces
 29401 | Depths:2 | Acquired 987 gold pieces
 29404 | Depths:2 | Bought a scroll of teleportation for 60 gold pieces
 29404 | Depths:2 | Bought a scroll of teleportation for 60 gold pieces
 29652 | Depths:2 | Noticed a juggernaut
 29676 | Depths:2 | Killed a juggernaut
 29737 | Depths:2 | Paralysed by a vampire knight for 7 turns
 30001 | Depths:2 | Reached skill level 1 in Short Blades
 30122 | Depths:2 | Found Zoxisig's Jewellery Shop.
 30122 | Depths:2 | Found Peotutz's Book Shoppe.
 30123 | Depths:2 | Found Wutif's Jewellery Shop.
 30129 | Depths:2 | Bought the amulet "Alyta" {RegenMP rElec rN++ Str+2 Slay-2}
                  | for 603 gold pieces
 30137 | Depths:2 | Bought a book of Fire for 1040 gold pieces
 30248 | Depths:2 | Reached skill level 5 in Short Blades
 30607 | Depths:3 | Noticed Xtahua
 30611 | Depths:3 | Noticed Mennas
 30613 | Depths:3 | Noticed Margery
 30639 | Depths:2 | Killed Xtahua
 30692 | Depths:3 | Found a one-way gate to the infinite horrors of the Abyss.
 30722 | Depths:3 | Reached XP level 21. HP: 117/142 MP: 34/39
 30853 | Depths:3 | Reached skill level 13 in Conjurations
 31028 | Depths:3 | Killed Margery
 32080 | Depths:4 | Reached skill level 14 in Conjurations
 32561 | Depths:4 | Found a gateway to a ziggurat.
 32607 | Depths:5 | Entered Level 5 of the Depths
 32714 | Depths:5 | Reached skill level 10 in Armour
 32868 | Depths:5 | Noticed a golden dragon
 32885 | Depths:5 | Killed a golden dragon
 32886 | Depths:5 | Reached XP level 22. HP: 101/149 MP: 16/40
 32951 | Depths:5 | Found a gate to the Realm of Zot.
 33167 | Depths:5 | Found Kopt's Assorted Antiques.
 33177 | Depths:5 | Bought a scroll of teleportation for 132 gold pieces
 33177 | Depths:5 | Bought a potion of curing for 132 gold pieces
 33246 | Depths:5 | Noticed a caustic shrike
 33248 | Depths:5 | Noticed a caustic shrike
 33249 | Depths:5 | Noticed a caustic shrike
 33250 | Depths:5 | Noticed a caustic shrike
 33253 | Depths:5 | Reached skill level 15 in Conjurations
 33258 | Depths:5 | Killed a caustic shrike
 33258 | Depths:5 | Killed a caustic shrike
 33262 | Depths:5 | Killed a caustic shrike
 33267 | Depths:5 | Killed a caustic shrike
 33509 | Depths:5 | Identified a coiled wooden ring
 33956 | D:15     | Learned a level 8 spell: Ignition
 34103 | Vaults:1 | Entered Level 1 of the Vaults
 34186 | Vaults:1 | Noticed Aizul
 34198 | Vaults:1 | Killed Aizul
 34447 | Vaults:1 | Found Bofogusm's General Store.
 34454 | Vaults:1 | Bought a scroll of enchant armour for 90 gold pieces
 34590 | Vaults:1 | Identified a crystal mace
 35022 | Vaults:1 | Reached skill level 15 in Fire Magic
 35759 | Vaults:2 | Reached skill level 16 in Conjurations
 35821 | Vaults:2 | Found Esaod's Magic Scroll Emporium.
 35837 | Vaults:2 | Bought a scroll of blinking for 135 gold pieces
 35837 | Vaults:2 | Bought a scroll of teleportation for 54 gold pieces
 35837 | Vaults:2 | Bought a scroll of teleportation for 54 gold pieces
 35837 | Vaults:2 | Bought a scroll of blinking for 135 gold pieces
 35837 | Vaults:2 | Bought a scroll of enchant weapon for 135 gold pieces
 35973 | Vaults:2 | Found a staircase to the Crypt.
 35973 | Vaults:2 | Found a basalt altar of Yredelemnul.
 35974 | Vaults:2 | Found an ancient bone altar of Kikubaaqudgha.
 37295 | Vaults:2 | Reached skill level 15 in Spellcasting
 37456 | Vaults:2 | Noticed Mara
 37459 | Vaults:2 | Noticed Chiseanne's illusion
 37480 | Vaults:2 | Gained mutation: Your flesh is cold resistant. (rC+)
                  | [demonic ancestry]
 37480 | Vaults:2 | Reached XP level 23. HP: 154/154 MP: 27/42
 37496 | Vaults:2 | Killed Mara
 38252 | Vaults:3 | Learned a level 6 spell: Statue Form
 38382 | Vaults:3 | Reached skill level 17 in Conjurations
 39464 | Vaults:4 | Identified a bloodstained lajatang
 39796 | Vaults:4 | Found Jaoth's Assorted Antiques.
 40228 | Crypt:1  | Entered Level 1 of the Crypt
 40506 | Crypt:1  | Paralysed by a vampire knight for 2 turns
 40676 | Crypt:1  | Gained mutation: You are completely covered in razor-sharp
                  | scales. (AC +3, Slay +3) [demonic ancestry]
 40676 | Crypt:1  | Reached XP level 24. HP: 160/160 MP: 15/43
 41242 | Crypt:2  | Paralysed by a vampire knight for 3 turns
 41248 | Crypt:2  | Reached skill level 18 in Conjurations
 41657 | Crypt:2  | Identified a crude scale mail
 41913 | Crypt:3  | Entered Level 3 of the Crypt
 42286 | Crypt:3  | Noticed Bai Suzhen
 42291 | Crypt:3  | Killed Bai Suzhen
 42354 | Crypt:3  | Noticed a dread lich
 42370 | Crypt:3  | Paralysed by a dread lich for 6 turns
 42388 | Crypt:3  | Killed a dread lich
 42714 | Crypt:3  | Found a staircase to the Tomb.
 42835 | Crypt:3  | Found an ancient bone altar of Kikubaaqudgha.
 42871 | Crypt:3  | Identified Kikubaaqudgha's Guide on Evil
 42877 | Crypt:3  | Identified a bloodstained flail
 43274 | Vaults:5 | Entered Level 5 of the Vaults
 43287 | Vaults:5 | Reached skill level 19 in Conjurations
 43308 | Vaults:5 | Gained mutation: You are immune to freezing clouds.
                  | [demonic ancestry]
 43308 | Vaults:5 | Reached XP level 25. HP: 166/166 MP: 36/44
 43458 | Vaults:5 | Got a silver rune of Zot
 43466 | Vaults:5 | Identified a pair of ichor-stained gloves
 43674 | Vaults:5 | Identified a jewelled battleaxe
 43879 | Vaults:5 | Identified the +4 hand axe of the Protecting Shark {vamp,
                  | Dex+4}
 43879 | Vaults:5 | Identified a pitted halberd
 43889 | Vaults:5 | Identified a heavily runed chain mail
 43899 | Vaults:5 | Identified a brightly glowing plate armour
 44166 | Vaults:5 | Identified a fine hand crossbow
 44480 | Vaults:5 | Found the +2 robe of Vines {NoPotionHeal Regen+++}
 44486 | Vaults:5 | Identified a translucent fustibalus
 44511 | Vaults:5 | Identified a polished whip
 45019 | Zig:1    | Entered Level 1 of a ziggurat
 45037 | Zig:2    | Entered Level 2 of a ziggurat
 45063 | Zig:3    | Entered Level 3 of a ziggurat
 45083 | Zig:4    | Entered Level 4 of a ziggurat
 45090 | Zig:4    | Reached skill level 20 in Conjurations
 45095 | Zig:4    | Identified a masterwork halberd
 45112 | Zig:5    | Entered Level 5 of a ziggurat
 45144 | Zig:6    | Entered Level 6 of a ziggurat
 45160 | Zig:6    | Identified an encrusted great sword
 45161 | Zig:6    | Identified a polished broad axe
 45179 | Zig:7    | Entered Level 7 of a ziggurat
 45204 | Zig:7    | Identified Sif Muna's Reference Book on Blistering Creation
 45211 | Zig:7    | Identified a dull robe
 45219 | Zig:7    | Identified a steaming flail
 45226 | Zig:8    | Entered Level 8 of a ziggurat
 45363 | Zig:8    | Identified a twisted glaive
 45369 | Zig:9    | Entered Level 9 of a ziggurat
 45393 | Zig:9    | Identified a smoking garnet amulet
 45395 | Zig:9    | Identified the Papyrus of Heat and Arcane Weapons
 45404 | Zig:10   | Entered Level 10 of a ziggurat
 45412 | Zig:10   | Noticed a royal mummy
 45415 | Zig:10   | Killed a royal mummy
 45416 | Zig:10   | Noticed a royal mummy
 45416 | Zig:10   | Noticed a royal mummy
 45419 | Zig:10   | Killed a royal mummy
 45420 | Zig:10   | Killed a royal mummy
 45421 | Zig:10   | Reached XP level 26. HP: 57/172 MP: 28/45
 45432 | Zig:10   | Found the +4 skin of Zhor {Englaciate rC+++ SInv}
 45463 | Zig:11   | Entered Level 11 of a ziggurat
 45493 | Zig:11   | Identified a slimy hunting sling
 45498 | Zig:11   | Identified a jewelled war axe
 45501 | Zig:11   | Identified a jewelled glaive
 45510 | Zig:12   | Entered Level 12 of a ziggurat
 45667 | Zig:12   | Gained mutation: A frigid envelope surrounds you and
                  | freezes all who hurt you. [demonic ancestry]
 45667 | Zig:12   | Reached XP level 27. HP: 178/178 MP: 46/46
 45668 | Zig:12   | Identified a glittering steel ring
 45670 | Zig:12   | Identified Hearygit's Incunabulum of Displacement
 45678 | Zig:12   | Identified Roxanne's Collected Works on the Mountains and
                  | Transmigration
 45688 | Zig:12   | Identified a crude mace
 45692 | Zig:13   | Entered Level 13 of a ziggurat
 45723 | Zig:13   | Identified a bloodstained long sword
 45743 | Zig:14   | Entered Level 14 of a ziggurat
 45757 | Zig:14   | Reached skill level 5 in Transmutations
 45759 | Zig:14   | Reached skill level 5 in Earth Magic
 45775 | Zig:14   | Found the +5 robe of Night {Dark Will+ SInv}
 45783 | Zig:14   | Identified the Collected Works on Shifting Darkness
 45787 | Zig:14   | Identified a steaming turquoise ring
 45789 | Zig:14   | Identified a bloodstained dire flail
 45797 | Zig:14   | Identified a dazzling ring mail
 45832 | Zig:14   | Identified a transparent ivory ring
 45838 | Zig:15   | Entered Level 15 of a ziggurat
 45898 | Zig:15   | Identified a faintly glowing hunting sling
 45951 | Zig:16   | Entered Level 16 of a ziggurat
 45968 | Zig:16   | Noticed an orb of fire
 45968 | Zig:16   | Noticed an orb of fire
 45968 | Zig:16   | Noticed an orb of fire
 45969 | Zig:16   | Noticed an orb of fire
 45975 | Zig:16   | Gained mutation: Your spells are a little easier to cast,
                  | but a little less powerful. [an orb of fire]
 45976 | Zig:16   | Killed an orb of fire
 45976 | Zig:16   | Killed an orb of fire
 45978 | Zig:16   | Killed an orb of fire
 45978 | Zig:16   | Killed an orb of fire
 46056 | Zig:16   | Identified a heavily runed hat
 46103 | Zig:17   | Entered Level 17 of a ziggurat
 46120 | Zig:17   | Reached skill level 10 in Short Blades
 46175 | Zig:17   | Identified an ancient amber ring
 46198 | Zig:17   | Identified an ichor-stained falchion
 46211 | Zig:18   | Entered Level 18 of a ziggurat
 46255 | Zig:18   | Identified a brightly glowing platinum ring
 46256 | Zig:18   | Identified the Volume of Dislocated Fire
 46259 | Zig:18   | Identified a masterwork chain mail
 46267 | Zig:18   | Identified an iridescent shortbow
 46269 | Zig:18   | Identified the Catalogue of the Compass
 46271 | Zig:18   | Reached skill level 10 in Transmutations
 46273 | Zig:19   | Entered Level 19 of a ziggurat
 46290 | Zig:19   | Killed from afar by a Hell Sentinel

Illustrated notes

Levels and vault maps discovered:
D:1:      dpeg_arrival_court, layout_loops_corners, serial_glass,
          glass_columns_a, glass_columns_a, glass_columns_a, glass_columns_a,
          glass_columns_b, glass_columns_b, glass_columns_b, glass_columns_b
D:2:      layout_rooms, lemuel_doored_altar, uniq_sigmund
D:3:      layout_rooms, nicolae_tso_carved_into_rock,
          yredelemnul_forgotten_temple_becter, portal_sewer_entry_f
D:4:      layout_cave_pools, gammafunk_ghost_nasty_kobolds, serial_shops,
          nicolae_shop_crystal, shop, shop, due_unseen_surprise
D:5:      layout_gridville, nicolae_overflow_crystal_walls, uniq_eustachio,
          uniq_grinder
D:6:      minmay_chambers_of_fours, layout_rooms, elyvilon_altar_1,
          chequers_serial_rivers_small_3, hex_medium, abandoned_shop,
          makhleb_blood_cavern_becter, uniq_duvessa
D:7:      layout_basic, nicolae_qazlal_general_emergency,
          cheibrodos_worm_habitat, minitemple, minmay_temple_entry_proselytizer,
          interstate_on_off, uniq_harold
D:8:      layout_gridville, kennysheep_little_box, nicolae_straight_to_the_point
D:9:      layout_grid_maze, grunt_temple_overflow_growth_and_decay, erik_orc_4,
          okawaru_humans
D:10:     layout_rooms, uniq_maurice
D:11:     lemuel_insect_pit, layout_rooms, lair_entry_dummy,
          minmay_misc_feat_diagonals
D:12:     layout_basic, serial_shops, shop, uniq_josephine, uniq_fannar
D:13:     layout_roguey
D:14:     layout_basic, erik_vaults_1, chequers_serial_rivers_room_b
D:15:     hangedman_depths_entry_try_elsewhere_first, layout_basic
Lair:1:   statuecave_lemuel, layout_small_grid
Lair:2:   layout_cave_shapes, serial_bayou_shore_a
Lair:3:   layout_cellular_growth, special_room [special_room_bee],
          grunt_megastairs_5
Lair:4:   layout_gridlike, swamp_mist, spider_nest_entry_webs, uniq_sonja
Lair:5:   layout_roguey, worms_lemuel
Lair:6:   gammafunk_lair_ancient_temple, layout_regular_city,
          minmay_slime_entry_eyes
Swamp:1:  layout_basic_swamp, evilmike_swamp_ruin_house_6, uniq_kirke,
          uniq_louise
Swamp:2:  layout_basic_swamp, hangedman_swamp_ruin_wall,
          infiniplex_staircase_pool
Swamp:3:  layout_basic_swamp, nicolae_swamp_treefoil, swamp_pool1
Swamp:4:  swamp_pestilence, layout_basic_swamp
Spider:1: layout_spider_delve, drop_trap, zaba_antful_of_joy
Spider:2: layout_spider_delve, portal_ice_cave_entry_pillars_four
Spider:3: layout_spider_delve, gammafunk_ghost_arena, spiders_nest_hornet_nest,
          uniq_arachne, uniq_jorgrun
Spider:4: grunt_spider_rune_parallel
Orc:1:    layout_caves, uniq_urug
Orc:2:    pubby_orc_utopia, serial_shops
Elf:1:    layout_gridlike, portal_desolation_entry_garden,
          kennysheep_underground_church, grunt_ministairs_15,
          einodemon_crawler_minivault
Elf:2:    layout_geoelf_octagon
Elf:3:    minmay_elf_hall_quartered_circle, layout_onion_city,
          minmay_misc_feat_cross, uniq_roxanne
Vaults:1: hangedman_vaults_corner, nicolae_vaults_border_crossing,
          special_room_vaults [special_room_orc], v_misc_22, vaults_room_boxed,
          ontoclasm_vaults_pinch, nicolae_vaults_circle_grid_a, v_misc_26,
          serial_ice_m, nicolae_vaults_puzzle_piece, hangedman_vaults_hat,
          vaults_dpeg_hooks, nicolae_vaults_diagonal_hallway_7,
          nicolae_vaults_little_ls, layout_vaults_ring, serial_shops, shop,
          uniq_aizul
Vaults:2: ontoclasm_vaults_bender, v_misc_31, ontoclasm_vaults_ligature,
          minmay_crypt_entry_necro_gods, v_alt_pattern_1, vaults_room_hallway,
          nicolae_vaults_network_square, nicolae_vaults_little_squares_6,
          layout_vaults_omnigrid, serial_shops, nicolae_shop_window_shopping,
          uniq_mara
Vaults:3: nicolae_vaults_network_s, nicolae_vaults_theta, st_eye,
          dpeg_vaults_monster_box, vaults_dpeg_diagonal,
          ontoclasm_vaults_misaligned, ontoclasm_vaults_loading_screen,
          v_misc_27, vaults_room_semicircle, nicolae_vaults_twisting_passages,
          vaults_room_fours, v_rooms_1, layout_vaults_omnicross, serial_glass
Vaults:4: grunt_vaults_diagonal, vaults_standard_mumra_lines,
          nicolae_vaults_ring_of_whatevers, v_misc_3, vaults_room_corners,
          st_smaller_cells, v_alt_pattern_4, v_pattern_1,
          nicolae_vaults_little_squares_1, v_misc_10, v_misc_11,
          nicolae_vaults_angled_halls, layout_vaults_omnibox, serial_shops,
          nicolae_shop_window_shopping
Vaults:5: serial_shops
Crypt:1:  layout_misc_corridors
Crypt:2:  layout_regular_city
Crypt:3:  cryptofortress_bobbens, uniq_bai_suzhen
Depths:1: layout_big_octagon, hangedman_decor_lopped, hellmouth_1, serial_shops,
          shop_statue, patterned_corridor, firewood_loft,
          hangedman_decor_cross_pass
Depths:2: minmay_box_of_curves, layout_cave_shapes, amcnicky_mini_pool_small,
          hell_entry, serial_shops, nicolae_shop_trees, pan_entry,
          serial_sigils_hangedman_carve, minmay_misc_feat_hallway,
          minmay_staircase_statues, minmay_shop_grove, serial_bayou_shore_b
Depths:3: lemuel_castle_with_subvaults [lemuel_castle_interior_carwin_2],
          layout_cave_pools, pf_hell_entry_great_geh, rand_demon_pan_entry_8,
          abyss_entry, infiniplex_staircase_river, uniq_xtahua, uniq_margery,
          uniq_mennas
Depths:4: minmay_spriggan_fort, layout_small_grid, enter_ziggurat_e,
          hangedman_abyss_entry_splay, hell_entry, corexii_leaking_fountain,
          hangedman_decor_growths, fountainhead, minivault_10
Depths:5: evilmike_zot_entry_basic, layout_long_grid,
          chequers_serial_rivers_micro_e, hangedman_tar_grid_catacomb,
          serial_shops, shop
Zig:19:   ziggurat_pillar_abc, ziggurat_pillar_abc, ziggurat_pillar_abc,
          ziggurat_pillar_abc

Skill      XL: |  1  2  3  4  5  6  7  8  9 10 11 12 13 14 15 16 17 18 19 20 21 22 23 24 25 26 27 |
---------------+----------------------------------------------------------------------------------+-----
Dodging        | 1 2 3 4 5 6 |  6.1
Armour         | 2 3 4 7 10 | 10.0
Fighting       | 6 7 |  7.3
Spellcasting   | 1 3 11 12 13 14 15 16 17 18 19 | 19.4
Conjurations   | 3 4 5 7 9 10 11 12 14 16 17 19 20 | 20.9
Translocations | 2 4 6 7 8 |  8.6
Shields        | 3 5 7 8 9 10 14 15 | 15.2
Ice Magic      | 2 6 9 12 | 12.1
Air Magic      | 2 6 9 12 | 12.1
Fire Magic     | 1 4 10 11 12 13 15 16 18 19 | 19.6
Earth Magic    | 1 4 9 |  9.1
Short Blades   | 8 12 | 12.5
Transmutations | 4 10 | 10.4
Maces & Flails | |  1.0
Crossbows      | |  1.0

Action                   |  1- 3 |  4- 6 |  7- 9 | 10-12 | 13-15 | 16-18 | 19-21 | 22-24 | 25-27 || total
-------------------------+-------+-------+-------+-------+-------+-------+-------+-------+-------++-------
Melee: Dagger            |       |    96 |    54 |       |       |       |       |       |       ||   150
       Quarterstaff      |       |    12 |       |       |       |       |       |       |       ||    12
       Short sword       |       |       |    47 |   111 |     7 |       |       |       |       ||   165
       Spear             |       |       |       |    34 |    78 |    15 |       |       |       ||   127
       Whip              |       |       |       |     3 |       |       |    42 |    91 |       ||   136
       Rapier            |       |       |       |       |   154 |       |       |       |       ||   154
       Headbutt          |       |       |       |       |    67 |     2 |     4 |    28 |       ||   101
       Long sword        |       |       |       |       |     3 |       |       |       |       ||     3
 Fire: Hand crossbow     |    62 |    75 |       |       |       |       |       |       |       ||   137
Throw: Dart              |       |       |    13 |     5 |     2 |       |     1 |       |       ||    21
       Throwing net      |       |       |       |     3 |     3 |       |       |       |       ||     6
 Cast: Magic Dart        |       |     9 |   107 |   111 |   298 |    35 |     2 |       |       ||   562
       Searing Ray       |       |       |    30 |   149 |   236 |    58 |    37 |    19 |       ||   529
       Iskenderun's Myst |       |       |     1 |     2 |   215 |   481 |   392 |   411 |    53 ||  1555
       Hailstorm         |       |       |       |     2 |     2 |       |       |       |       ||     4
       Mephitic Cloud    |       |       |       |       |    60 |    33 |     8 |       |       ||   101
       Sticky Flame      |       |       |       |       |     3 |       |       |       |       ||     3
       Iskenderun's Batt |       |       |       |       |    14 |    48 |    31 |    21 |     1 ||   115
       Freezing Cloud    |       |       |       |       |     4 |    65 |   124 |   127 |     5 ||   325
       Bolt of Magma     |       |       |       |       |    34 |    53 |    47 |    48 |       ||   182
       Apportation       |       |       |       |       |       |    14 |       |       |       ||    14
       Ozocubu's Armour  |       |       |       |       |       |     1 |       |       |       ||     1
       Ignition          |       |       |       |       |       |       |       |   340 |   132 ||   472
       Fire Storm        |       |       |       |       |       |       |       |       |    79 ||    79
       Statue Form       |       |       |       |       |       |       |       |       |     4 ||     4
Evoke: Wand              |       |       |       |     3 |    10 |     6 |     5 |       |       ||    24
       Lightning rod     |       |       |       |       |       |     4 |       |     2 |       ||     6
  Use: Scroll            |       |    11 |     5 |    17 |    10 |    13 |     6 |    10 |     5 ||    77
       Potion            |       |       |     1 |     7 |     2 |     3 |     6 |     7 |     3 ||    29
 Stab: Sleeping          |       |       |     2 |       |     1 |       |       |       |       ||     3
       Held in net/web   |       |       |       |     2 |       |       |       |       |       ||     2
       Confused          |       |       |       |       |    16 |       |       |       |       ||    16
Armor: Ring mail         |    15 |    45 |       |       |       |       |       |       |       ||    60
       Robe              |       |     1 |    42 |    86 |    67 |    73 |       |       |       ||   269
       Skin              |       |       |       |     4 |       |       |       |       |     8 ||    12
       Swamp dragon scal |       |       |       |       |       |       |    89 |   117 |    18 ||   224
Dodge: Dodged            |    16 |   100 |   128 |   183 |   211 |   145 |    83 |   119 |    32 ||  1017
Block: Other             |       |       |    14 |    15 |       |       |       |       |       ||    29
       Kite shield       |       |       |       |   278 |   458 |   287 |       |       |       ||  1023
       Reflection        |       |       |       |    46 |    23 |    25 |    48 |    43 |     4 ||   189
       Buckler           |       |       |       |       |       |    15 |   130 |   239 |    34 ||   418

Table legend: (Time is in decaauts)
 A = Elapsed time spent in this place.
 B = Non-inter-level travel time spent in this place.
 C = Inter-level travel time spent in this place.
 D = Time resting spent in this place.
 E = Time spent auto-exploring this place.
 F = Levels seen in this place.
 G = Mean time per level.
                   A        B        C        D        E       F      G
               +--------+--------+--------+--------+--------+-----+--------+
         Total |  46794 |  43388 |   3406 |   6880 |  20951 |  68 |  688.1 |
       Dungeon |  15492 |  13987 |   1505 |   3015 |   6024 |  15 | 1032.8 |
          Lair |   5240 |   4949 |    291 |    342 |   3463 |   6 |  873.3 |
         Swamp |   1836 |   1745 |     91 |    585 |      0 |   4 |  459.0 |
   Spider Nest |   1642 |   1422 |    220 |    234 |    455 |   4 |  410.5 |
  Orcish Mines |   3080 |   2860 |    220 |    367 |   1417 |   2 | 1540.0 |
   Elven Halls |   1252 |   1152 |    100 |    113 |    188 |   3 |  417.3 |
        Vaults |   7753 |   7232 |    521 |    969 |   4794 |   5 | 1550.6 |
         Crypt |   2923 |   2777 |    146 |    240 |   1702 |   3 |  974.3 |
        Depths |   5591 |   5282 |    309 |    637 |   2704 |   5 | 1118.2 |
      Ziggurat |   1378 |   1378 |      0 |    317 |    203 |  19 |   72.5 |
      Ice Cave |    410 |    410 |      0 |     61 |      0 |   1 |  410.0 |
    Desolation |    192 |    192 |      0 |      0 |      0 |   1 |  192.0 |
               +--------+--------+--------+--------+--------+-----+--------+

Top non-repeatable levels by time:
   Orc:2: 2391 daAuts
Vaults:2: 2158 daAuts
     D:5: 1816 daAuts
    D:15: 1780 daAuts
Vaults:3: 1609 daAuts
     D:9: 1570 daAuts
Vaults:1: 1515 daAuts
Depths:2: 1492 daAuts
Vaults:5: 1350 daAuts
  Lair:3: 1300 daAuts
     D:6: 1280 daAuts
     D:1: 1251 daAuts
Depths:4: 1237 daAuts
Depths:5: 1204 daAuts
 Crypt:3: 1178 daAuts
